 Dungeon Crawl Stone Soup version 0.29.1-12-g30fa7ad0bf (webtiles) character file.

Game seed: 3460845014627967979

3 cdecastro the Vexing (level 1, -2/10 HPs)
             Began as a Vampire Enchanter on Dec 13, 2022.
             Slain by a dart slug (3 damage)
             ... on level 1 of the Dungeon.
             The game lasted 00:00:59 (298 turns).

cdecastro the Vexing (Vampire Enchanter)             Turns: 298, Time: 00:01:00

Health: -2/10      AC:  2    Str:  7    XL:     1   Next: 41%
Magic:  3/3        EV: 12    Int: 17    God:
Gold:   19         SH:  0    Dex: 14    Spells: 4/4 levels left

rFire   . . .      SeeInvis +   a - +1 dagger
rCold   + + .      Faith    .   (no shield)
rNeg    + + +      Spirit   .   b - +0 robe
rPois   ∞          Reflect  .   (no helmet)
rElec   .          Harm     .   (no cloak)
rCorr   .          Rampage  .   (no gloves)
Will    .....                   (no boots)
Stlth   +++++.....              (no amulet)
HPRegen 0.00/turn               (no ring)
MPRegen 0.08/turn               (no ring)

@: bloodless, inhibited regen
A: bloodless, fangs 3, see invisible, vampiric 1
a: Revivify


You were on level 1 of the Dungeon.
You visited 1 branch of the dungeon, and saw 1 of its levels.

You collected 19 gold pieces.

Inventory:

Hand Weapons
 a - a +1 dagger (weapon)
Armour
 b - a +0 robe (worn)
Jewellery
 e - a ring of magical power
Scrolls
 d - a scroll of teleportation {unknown}
Potions
 c - 2 potions of invisibility


   Skills:
 - Level 1.1 Short Blades
 - Level 2.1 Dodging
 + Level 4.5 Stealth
 - Level 2.0 Spellcasting
 * Level 4.6 Hexes


You had 4 spell levels left.
You didn't know any spells.
Your spell library contained the following spells:

 Spells                   Type           Power      Damage    Failure   Level
 Confusing Touch          Hex            17%        N/A       9%          3
 Tukima's Dance           Hex            17%        N/A       9%          3
 Ensorcelled Hibernation  Hex/Ice        18%        N/A       11%         2
 Dazzling Flash           Conj/Hex       18%        N/A       22%         3


Dungeon Overview and Level Annotations

Branches:
Dungeon (1/15)

Altars:


Innate Abilities, Weirdness & Mutations

You do not regenerate when monsters are visible.
You are frail without blood (-20% HP).
You can heal yourself when you bite living creatures.
You are immune to poison.
You have razor-sharp teeth.
You have supernaturally acute eyesight. (SInv)
You are afflicted with vampirism.


Message History

The helpless rat fails to defend itself.
You bite the rat, and draw its blood! You puncture the rat!
You kill the rat!
You see here 5 stones.
You see here 5 stones.
e - a ring of magical power A bat comes into view.
A bat is nearby!
A bat is nearby!
The helpless bat fails to defend itself.
You bite the bat, and draw its blood! You impale the bat!!
You kill the bat!
No target in view!
Found 4 stones.
A giant cockroach comes into view.
A giant cockroach is nearby!
Unknown command.
Found 3 gold pieces.
The helpless giant cockroach fails to defend itself.
You puncture the giant cockroach!
You kill the giant cockroach!
No target in view!
A dart slug comes into view.
A dart slug is nearby!
A dart slug is nearby!
A rat comes into view.
A hobgoblin comes into view.
The dart slug barely misses you. The dart slug launches a dart at you.
The slug dart hits you. The dart slug launches a dart at you.
The slug dart hits you.
You start resting.
A dart slug is nearby!
The dart slug launches a dart at you. The slug dart hits you.
Ouch! That really hurt!
* * * LOW HITPOINT WARNING * * *
The dart slug bites you.
You die...

.#.# ##.#.# #....#
#....# ####....###
### ###.$.......#.
##.###.........g...
.
##...##.#.....r...##
.
#....@w.####...##.#
#. ##...#### #...#
#. ##.## #...# #.
###.### #...# #.
#.....# ..#.. #.
#.#.#.# ....## #.
#.#..(# #######.
#.###.# #....>..
#.....# #.##....


You could see a dart slug.

Vanquished Creatures
  A giant cockroach (D:1)
  A bat (D:1)
  A goblin (D:1)
  A rat (D:1)
4 creatures vanquished.

Notes
Turn   | Place    | Note
-------+----------+-------------------------------------------
     0 | D:1      | cdecastro the Vampire Enchanter began the quest for the
                  | Orb.
     0 | D:1      | Reached XP level 1. HP: 13/13 MP: 3/3
   298 | D:1      | Slain by a dart slug

Illustrated notes

Levels and vault maps discovered:
D:1:      dpeg_arrival_castle, layout_loops_ring, minmay_door_square,
          serial_bayou_pond_b

Action                   || total
-------------------------++-------
Melee: Dagger            ||     5
 Abil: Exsanguinate      ||     1
 Stab: Sleeping          ||     3
Armor: Robe              ||     1
Dodge: Dodged            ||     1
